 Dungeon Crawl Stone Soup version 0.27.1-1-g398f81649c (webtiles) character file.

Game seed: 12809941352402582681

53 Waffleater7 the Firebug (level 4, -4/30 HPs)
             Began as a Human Fire Elementalist on Sept 16, 2021.
             Was a Follower of Makhleb.
             Slain by a worm (5 damage)
             ... on level 3 of the Dungeon.
             The game lasted 00:14:10 (2623 turns).

Waffleater7 the Firebug (Human Fire Elementalist)   Turns: 2623, Time: 00:14:10

Health: -4/30      AC:  7    Str:  8    XL:     4   Next: 10%
Magic:  3/8        EV: 12    Int: 17    God:    Makhleb [*.....]
Gold:   57         SH:  0    Dex: 13    Spells: 4/8 levels left

rFire    + . .     SeeInvis .   b - +0 dagger
rCold    + . .     Faith    .   (no shield)
rNeg     . . .     Spirit   .   g - +2 robe {rC+ rF+}
rPois    +         Reflect  .   c - +0 helmet
rElec    .         Harm     .   (no cloak)
rCorr    .         Rampage  .   (no gloves)
Will     .....                  (no boots)
Stlth    ++........             (no amulet)
HPRegen  0.10/turn              h - ring of poison resistance
MPRegen  0.11/turn              (no ring)

@: no status effects
A: hooves 1, iridescent scales 1, sturdy frame 1
a: Renounce Religion


You were on level 3 of the Dungeon.
You worshipped Makhleb.
Makhleb was aware of your devotion.
You visited 1 branch of the dungeon, and saw 3 of its levels.

You collected 57 gold pieces.

Inventory:

Hand Weapons
 b - a +0 dagger (weapon)
 i - a +0 hand crossbow
Missiles
 e - 28 stones
 f - 9 boomerangs
 j - 13 arrows
Armour
 a - a +0 robe
 c - a +0 helmet (worn)
 d - a +0 leather armour
 g - a +2 robe of resistance (worn)
Jewellery
 h - a ring of poison resistance (left hand)


   Skills:
 + Level 0.1 Fighting
 + Level 0.2 Short Blades
 + Level 2.5 Dodging
 + Level 2.1 Stealth
 + Level 2.7 Spellcasting
 + Level 1.5 Conjurations
 + Level 3.3 Fire Magic


You had 4 spell levels left.
You knew the following spells:

 Your Spells              Type           Power      Damage    Failure   Level
a - Foxfire               Conj/Fire      40%        2x1d6     7%          1
b - Tukima's Dance        Hex            2%         N/A       47%         3

Your spell library contained the following spells:

 Spells                   Type           Power      Damage    Failure   Level
 Corona                   Hex            2%         N/A       19%         1
 Conjure Flame            Conj/Fire      10%        6-21      21%         3
 Ensorcelled Hibernation  Hex/Ice        4%         N/A       26%         2
 Inner Flame              Hex/Fire       8%         N/A       26%         3
 Ignite Poison            Fire/Tmut/Pois 6%         N/A       34%         3
 Sticky Flame             Conj/Fire      10%        2d3       54%         4
 Fireball                 Conj/Fire      5%         3d5       88%         5


Dungeon Overview and Level Annotations

Branches:
Dungeon (3/15)

Altars:
Makhleb
Nemelex Xobeh
Qazlal

Shops:
D:1 =


Innate Abilities, Weirdness & Mutations

You have large cloven feet.
You are partially covered in iridescent scales. (AC +2)
Your movements are slightly less encumbered by armour. (ER -2)


Message History

The worm closely misses you.
You hit the worm. You kick the worm, but do no damage.
The worm is moderately wounded.
Your foxfire dissipates!
Casting: Foxfire (safe; 7% risk of failure)
Confirm with . or Enter, or press ? or * to list all spells.
You conjure some foxfire!
The worm bites you but does no damage.
You hit the worm. Your kick misses the worm.
The worm is moderately wounded.
You hit the worm but do no damage.
The worm is moderately wounded.
The worm bites you but does no damage.
The foxfire hits the worm.
The worm is lightly wounded.
You hit the worm but do no damage.
The worm is moderately wounded.
You hit the worm but do no damage.
The worm is moderately wounded.
The worm misses you.
The foxfire hits the worm.
The worm is moderately wounded.
Casting: Foxfire (safe; 7% risk of failure)
Confirm with . or Enter, or press ? or * to list all spells.
You conjure some foxfire!
The worm closely misses you.
You hit the worm.
The worm is moderately wounded.
The foxfire hits the worm.
The worm is moderately wounded.
The worm bites you but does no damage.
You barely miss the worm.
The worm is moderately wounded.
The worm bites you.
* * * LOW HITPOINT WARNING * * *
The worm bites you but does no damage.
You barely miss the worm.
The worm is moderately wounded.
You hit the worm. You kick the worm, but do no damage.
The worm is moderately wounded.
The worm bites you!
* * * LOW HITPOINT WARNING * * *
The worm bites you.
You die...

##### ######### ###### #...#
#........ .....#
#.#.##########.####### ####.#
#.#............#
#.#######.####################
#..........#.@w†..............
#..##...#..#w#################
#..##...#..#. #
####..##...#..#. #
......#....#..#. #
#####.#.##.#..#. #
.........#.#..#. #
#.#......#.#..#. #
...>......... .


You could see 2 worms.

Vanquished Creatures
  A worm (D:3)
  A dart slug (D:2)
  2 orcs (D:3)
  9 ball pythons
  6 endoplasms
  3 giant cockroaches
  A goblin (D:1)
  3 hobgoblins
  2 jackals (D:3)
  2 quokkas
  A frilled lizard (D:3)
  3 kobolds
  6 rats
40 creatures vanquished.

Vanquished Creatures (others)
  98 foxfires
98 creatures vanquished.

Grand Total: 138 creatures vanquished

Notes
Turn   | Place    | Note
-------+----------+-------------------------------------------
     0 | D:1      | Waffleater7 the Human Fire Elementalist began the quest for
                  | the Orb.
     0 | D:1      | Reached XP level 1. HP: 13/13 MP: 3/3
     1 | D:1      | Found Hemuyf's Jewellery Emporium.
   236 | D:1      | Reached XP level 2. HP: 10/19 MP: 3/5
   664 | D:1      | Found a faded altar of an unknown god.
   736 | D:1      | Became a worshipper of Makhleb the Destroyer
   736 | D:1      | Reached * piety under Makhleb
   919 | D:1      | Reached XP level 3. HP: 24/24 MP: 2/6
  1233 | D:2      | Found a sparkling altar of Nemelex Xobeh.
  1774 | D:3      | Learned a level 3 spell: Tukima's Dance
  1981 | D:3      | Found a stormy altar of Qazlal.
  2008 | D:3      | Gained mutation: You are partially covered in iridescent
                  | scales. (AC +2) [potion of mutation]
  2008 | D:3      | Gained mutation: You have large cloven feet. [potion of
                  | mutation]
  2008 | D:3      | Gained mutation: Your movements are slightly less
                  | encumbered by armour. (ER -2) [potion of mutation]
  2578 | D:3      | Reached XP level 4. HP: 23/30 MP: 1/8
  2623 | D:3      | HP: 1/30 [worm (8)]
  2623 | D:3      | Slain by a worm

Illustrated notes

Levels and vault maps discovered:
D:1:      lightli_arrival_boilingwater, layout_basic,
          shapermc_ecumenical_altar_totnotflames, serial_shops,
          nicolae_shop_trees
D:2:      layout_rooms, basic_altar, serial_glass, glass_columns_a,
          glass_columns_b, feat_on_display
D:3:      layout_basic, general_overflow_altar, lemuel_coloured_pillars_altar,
          marbit_many_paths, ebering_ghost_sewer_d, minmay_guardbox,
          uniq_sigmund

Action                   |  1- 3 |  4- 6 || total
-------------------------+-------+-------++-------
Melee: Dagger            |    67 |    40 ||   107
       Kick              |     5 |    10 ||    15
 Cast: Foxfire           |    72 |     3 ||    75
  Use: Potion            |     3 |       ||     3
       Scroll            |     3 |       ||     3
Armor: Robe              |    20 |    13 ||    33
Dodge: Dodged            |    52 |    18 ||    70
